 Dungeon Crawl Stone Soup version 0.26.1-2-gb8aa6d0cf2 (webtiles) character file.

Game seed: 10910474434470445396

158 aphrod the Changer (level 5, -2/40 HPs)
             Began as a Draconian Transmuter on Mar 19, 2021.
             Slain by an orc
             ... wielding a +0 hand axe
              (4 damage)
             ... on level 4 of the Dungeon.
             The game lasted 00:09:13 (3062 turns).

aphrod the Changer (Draconian Transmuter)           Turns: 3062, Time: 00:09:13

Health: -2/40      AC:  5    Str: 12    XL:     5   Next: 16%
Magic:  8/8        EV: 12    Int: 13    God:
Gold:   208        SH:  0    Dex: 13    Spells: 7/8 levels left

rFire    . . .     SeeInvis .     - Unarmed
rCold    . . .     Faith    .   (no shield)
rNeg     + . .     Spirit   .   (armour unavailable)
rPois    .         Reflect  .   (helmet restricted)
rElec    .         Harm     .   (no cloak)
rCorr    .         Rampage  .   (no gloves)
Will     .....                  (no boots)
Stlth    +.........             (no amulet)
HPRegen  0.13/turn              i - ring of positive energy
MPRegen  0.11/turn              (no ring)

@: confused
A: unfitting armour, cold-blooded, AC +5
a: no special abilities


You were on level 4 of the Dungeon.
You visited 1 branch of the dungeon, and saw 4 of its levels.

You collected 208 gold pieces.

Inventory:

Missiles
 n - 18 sling bullets
Armour
 m - a scarf of shadows
Jewellery
 i - a ring of positive energy (left hand)
Wands
 o - a wand of digging (4)
Scrolls
 a - 2 scrolls of enchant weapon {unknown}
 c - 3 scrolls of remove curse {unknown}
 d - a scroll of blinking {unknown}
 e - a scroll of noise {unknown}
 g - a scroll of teleportation {unknown}
 h - 5 scrolls of identify {unknown}
 j - a scroll of fear {unknown}
 k - 2 scrolls of immolation {unknown}
Potions
 b - 2 potions of degeneration {unknown}
 f - a potion of invisibility {unknown}
 l - a potion of haste {unknown}


   Skills:
 - Level 1.1 Fighting
 - Level 1.7 Dodging
 - Level 3.0 Unarmed Combat
 - Level 2.0 Spellcasting
 * Level 5.4 Transmutations


You had 7 spell levels left.
You knew the following spells:

 Your Spells              Type           Power        Failure   Level
a - Beastly Appendage     Tmut           30%          2%          1

Your spell library contained the following spells:

 Spells                   Type           Power        Failure   Level
 Wereblood                Tmut           15%          4%          2
 Spider Form              Tmut/Pois      4%           26%         3
 Blade Hands              Tmut           7%           58%         5
 Ice Form                 Ice/Tmut       8%           63%         4


Dungeon Overview and Level Annotations

Branches:
Dungeon (4/15)
 Temple: D:4-7

Altars:
Ashenzari
Vehumet
Zin

Annotations:
D:3 Grinder


Innate Abilities, Weirdness & Mutations

Your plain brown scales are hard. (AC +5)
You cannot fit into any form of body armour.
You are cold-blooded and may be slowed by cold attacks.


Message History

You barely miss the orc priest.
The orc priest is almost dead.
The orc priest invokes the aid of Beogh against you.
You barely resist. The orc misses you. The orc hits you with a +0 hand axe.
The orc wizard points at you and mumbles some strange words.
You are more confused.
You hear a shout!
You bump into the rock wall.
The orc priest hits you but does no damage.
The orc closely misses you. x2
The orc wizard hits you but does no damage.
You closely miss the orc priest.
The orc priest is severely wounded.
An orc comes into view. It is wielding a +0 short sword.
The orc priest mumbles some strange prayers to Beogh against you.
Beogh smites you!
* * * LOW HITPOINT WARNING * * *
The orc misses you. The orc wizard misses you.
You closely miss the orc. The orc hits you with a +0 hand axe.
You die...

#.##.#.##....#+#....###...
.....#.##....#_#..........
.......##....###.........#
......# #................
#...###(........#.....> ###
#..#........##.......
#.##..###..o...###..#........
......#(..##oo..#............
#....###@o..#.####.......
##o#####o(....# ##...#.#
#.......##....# ##.....
#..).....###.## ##o#...###
### ..o##..# ..#..###.# ...
##o. .... .. ... ...


You could see an orc priest, an orc wizard and 3 orcs.

Vanquished Creatures
  Robin (D:2)
  6 adders
  2 worms
  A dart slug (D:1)
  5 leopard geckos
  2 orcs (D:4)
  3 giant cockroaches (D:1)
  17 goblins
  10 hobgoblins
  6 kobolds
  A quokka (D:2)
  A ball python (D:3)
  5 bats
  4 frilled lizards
  13 rats
77 creatures vanquished.

Notes
Turn   | Place    | Note
-------+----------+-------------------------------------------
     0 | D:1      | aphrod the Draconian Transmuter began the quest for the
                  | Orb.
     0 | D:1      | Reached XP level 1. HP: 16/16 MP: 3/3
   177 | D:1      | Reached XP level 2. HP: 23/23 MP: 5/5
   281 | D:1      | Reached skill level 3 in Transmutations
   732 | D:1      | Reached XP level 3. HP: 25/28 MP: 6/6
  1076 | D:2      | Found a glowing silver altar of Zin.
  1202 | D:2      | Reached skill level 4 in Transmutations
  1459 | D:2      | Found a radiant altar of Vehumet.
  1579 | D:2      | Reached XP level 4. HP: 35/35 MP: 5/7
  1612 | D:2      | Noticed Robin
  1622 | D:2      | Killed Robin
  2332 | D:3      | Reached skill level 5 in Transmutations
  2537 | D:3      | Noticed Grinder
  2781 | D:4      | Reached XP level 5. HP: 29/40 MP: 6/8
  2998 | D:4      | Found a broken altar of Ashenzari.
  3061 | D:4      | HP: 2/40 [orc priest/divine providence (13)]
  3062 | D:4      | Slain by an orc

Illustrated notes

Levels and vault maps discovered:
D:1:      dpeg_arrival_castle, layout_basic
D:2:      layout_loops_ring, lemuel_crystal_altar, zin_academy,
          chequers_arboretum, minmay_misc_feat_columns, columned_hall_lemuel,
          dk_noncrumbling_2, uniq_robin
D:3:      layout_loops_ring, uniq_grinder, uniq_natasha
D:4:      gammafunk_steamed_eel, layout_cave_pools,
          ashenzari_conservatory_becter, kennysheep_boxes, uniq_eustachio

Skill      XL: |  1  2  3  4 |
---------------+-------------+-----
Transmutations | 3 4 5 |  5.4
Fighting       | |  1.1
Dodging        | |  1.7
Unarmed Combat | |  3.0
Spellcasting   | |  2.0

Action                   |  1- 3 |  4- 6 || total
-------------------------+-------+-------++-------
Melee: Unarmed           |   154 |   152 ||   306
       Tailslap          |     9 |     9 ||    18
       Punch             |     1 |     3 ||     4
       Kick              |     4 |    11 ||    15
       Headbutt          |     4 |     9 ||    13
 Cast: Beastly Appendage |     7 |     9 ||    16
 Stab: Sleeping          |     2 |     1 ||     3
Armor: Skin              |    37 |    39 ||    76
Dodge: Dodged            |    81 |    91 ||   172
